 Dungeon Crawl Stone Soup version 0.18-a0-1147-g8e8348b (webtiles) character file.

5695 Lindis the Cleaver (level 10, -1/82 HPs)
             Began as a Demonspawn Fighter on Jan 22, 2016.
             Was a Believer of Qazlal.
             Slain by a blink frog (6 damage)
             ... on level 1 of the Lair of Beasts.
             The game lasted 00:24:23 (7702 turns).

Lindis the Cleaver (Demonspawn Fighter)             Turns: 7702, Time: 00:24:24

Health: -1/82      AC: 15    Str: 25    XL:     10   Next: 47%
Magic:  16/16      EV:  8    Int: 10    God:    Qazlal [**....]
Gold:   441        SH:  0    Dex: 12    Spells: 0 memorised, 9 levels left

rFire  . . .     SeeInvis .     a - +0 battleaxe
rCold  + . .     Gourm    .     t - +1 plate armour
rNeg   . . .     Faith    .     (shield currently unavailable)
rPois  .         Spirit   .     (no helmet)
rElec  +         Dismiss  .     e - +1 cloak
rCorr  +         Reflect  .     (no gloves)
SustAt .         Harm     +     A - +0 pair of boots
MR     .....                    K - amulet of harm
Stlth  ..........               y - ring of protection from cold
                                r - ring of Coenuxiv {rCorr rElec}

@: confused, mighty, not resistant to hostile enchantments, extremely unstealthy
A: talons 1, repulsion field 1, powered by death 1, rot immunity
a: Upheaval, Renounce Religion


You were on level 1 of the Lair of Beasts.
You worshipped Qazlal.
Qazlal was pleased with you.
You were not hungry.

You visited 3 branches of the dungeon, and saw 10 of its levels.

You collected 441 gold pieces.

Inventory:

Hand Weapons
 a - a +0 battleaxe (weapon)
 b - a +0 shortbow
 h - a +1 hand axe of freezing
Missiles
 l - 27 bolts
 n - 100 arrows
 v - 9 tomahawks (quivered)
 x - 11 arrows of flame
 D - 8 poisoned arrows
 G - 3 javelins
 I - 3 poisoned tomahawks
 J - 17 sling bullets
Armour
 e - a +1 cloak (worn)
 t - a +1 plate armour (worn)
 A - a +0 pair of boots (worn)
Jewellery
 q - an uncursed amulet of dismissal
 r - the ring of Coenuxiv (left hand) {rCorr rElec}
   (You found it on level 4 of the Dungeon)

   [ring of resist corrosion]

   It insulates you from electricity.
 y - a ring of protection from cold (right hand)
 K - an amulet of harm (around neck)
Wands
 p - a wand of disintegration (0/24)
 w - a wand of magic darts (28/48)
 C - a wand of digging (1/24)
Scrolls
 i - 3 scrolls of fear
 j - 4 scrolls of remove curse
 k - 6 scrolls of teleportation
 m - 2 scrolls of enchant armour
 H - a scroll of immolation {unknown}
Potions
 d - a potion of might
 g - 3 potions of flight
 o - 2 potions of curing
 z - 2 potions of heal wounds
 E - a potion of lignification {unknown}
 F - a potion of invisibility {unknown}
Comestibles
 f - 6 bread rations
 s - a royal jelly
 u - 3 chunks of flesh
 B - 6 fruits


   Skills:
 + Level 8.9 Fighting
 - Level 10.5 Axes
 * Level 2.0 Bows
 - Level 3.0 Armour
   Level 2.8 Shields
 + Level 8.2 Invocations


You had 9 spell levels left.
You didn't know any spells.

Dungeon Overview and Level Annotations

Branches:
Dungeon (8/15)             Temple (1/1) D:4            Lair (1/8) D:8

Altars:
Ashenzari
Cheibriados
Dithmenos
Elyvilon
Gozag
Kikubaaqudgha
Makhleb
Nemelex Xobeh
Okawaru
Pakellas
Qazlal
Ru
Sif Muna
Trog
Yredelemnul
Zin


Innate Abilities, Weirdness & Mutations

You have sharp toenails.
You are surrounded by a mild repulsion field (EV +2).
You regenerate a little health from kills.
You are immune to rotting.


Message History

The blink frog hits you but does no damage. x2
You closely miss the blink frog.
The blink frog momentarily phases out as your attack passes through it.
You block the blink frog's attack. The blink frog hits you.
* * * LOW HITPOINT WARNING * * *
The blink frog hits you but does no damage. x2
You closely miss the blink frog.
The blink frog momentarily phases out as your attack passes through it.
The blink frog hits you but does no damage.
The blink frog barely misses you. The blink frog hits you!
* * * LOW HITPOINT WARNING * * *
The blink frog hits you but does no damage.
Drink which item? (? for menu, Esc to quit)
You are confused.
You feel invigorated.
You feel less regenerative. The blink frog hits you!
* * * LOW HITPOINT WARNING * * *
The blink frog blinks!
The blink frog hits you.
You die...

....# #... .. ...## #...
. .### #..#.###+ ## #
...#.....
#.######........
................(.#.....
.#......................
.+.....# #....F# ...
......# ##...@†#....
#.....# #....§.......
##....#######...†.#.....
.(....#.#.###†....#(....
...........F......# (...
..................# ..#
..............(.((.....(
####.##############.#
### ##


You could see 2 blink frogs.

Vanquished Creatures
  A hydra (Lair:1)
  3 spiny frogs (Lair:1)
  A komodo dragon (D:8)
  2 blink frogs (Lair:1)
  2 hippogriffs
  Menkaure (D:7)
  A hungry ghost (D:8)
  2 water moccasins
  3 porcupines (Lair:1)
  4 orc warriors (D:7)
  A black bear (D:6)
  2 ice beasts
  3 ogres
  3 centaurs
  A big kobold (D:8)
  2 giant frogs
  6 killer bees
  A jelly (D:8)
  A giant frog zombie (D:8)
  A centaur skeleton (D:8)
  2 hounds (D:6)
  A giant frog skeleton (D:8)
  5 iguanas
  2 orc wizards (D:7)
  3 worker ants
  11 sheep (Lair:1)
  A hound zombie (D:8)
  A hound skeleton (D:8)
  10 adders
  4 gnolls
  A shadow imp (D:6)
  2 oozes
  An adder skeleton (D:5)
  2 worms (D:2)
  4 giant geckos
  18 orcs
  2 giant cockroaches
  5 goblins
  10 hobgoblins
  11 jackals
  4 quokkas
  2 ball pythons
  7 bats
  A giant gecko skeleton (D:7)
  6 giant newts
  A jackal zombie (D:8)
  18 kobolds
  8 rats
184 creatures vanquished.

Vanquished Creatures (others)
  A goblin (D:4)
  A bat (D:2)
  A fungus (Lair:1)
  A plant (D:8)
4 creatures vanquished.

Grand Total: 188 creatures vanquished

Notes
Turn   | Place    | Note
--------------------------------------------------------------
     0 | D:1      | Lindis the Demonspawn Fighter began the quest for the Orb.
     0 | D:1      | Reached XP level 1. HP: 18/18 MP: 1/1
    40 | D:1      | Gained mutation: You are surrounded by a mild repulsion field (EV +2). [demonic ancestry]
    40 | D:1      | Reached XP level 2. HP: 12/24 MP: 2/2
   838 | D:2      | Gained mutation: You regenerate a little health from kills. [demonic ancestry]
   838 | D:2      | Reached XP level 3. HP: 29/29 MP: 3/3
  1148 | D:2      | Found a white marble altar of Elyvilon.
  1248 | D:2      | Reached XP level 4. HP: 35/37 MP: 4/4
  1490 | D:2      | Found an opulent altar of Gozag.
  1703 | D:3      | Identified a +1 rod of inaccuracy (13/13) (You found it on level 2 of the Dungeon)
  1812 | D:3      | Reached skill level 4 in Fighting
  2039 | D:3      | Found a bloodstained altar of Trog.
  2039 | D:3      | Found a deep blue altar of Sif Muna.
  2113 | D:3      | Gained mutation: You have sharp toenails. [demonic ancestry]
  2113 | D:3      | Reached XP level 5. HP: 35/42 MP: 5/5
  2420 | D:4      | Got a transparent wooden ring
  2422 | D:4      | Identified the ring of Coenuxiv {rCorr rElec} (You found it on level 4 of the Dungeon)
  2460 | D:4      | Found a staircase to the Ecumenical Temple.
  2472 | Temple   | Entered the Ecumenical Temple
  2488 | Temple   | Became a worshipper of Qazlal Stormbringer
  2573 | D:4      | Found a sparkling altar of Nemelex Xobeh.
  2573 | D:4      | Found a glowing silver altar of Zin.
  2827 | D:4      | Found an oddly glowing altar of Pakellas.
  3313 | D:5      | Entered Level 5 of the Dungeon
  3313 | D:5      | Noticed an ice beast
  3323 | D:5      | Killed an ice beast
  3323 | D:5      | Reached XP level 6. HP: 42/49 MP: 6/6
  3672 | D:5      | Reached skill level 5 in Fighting
  3672 | D:5      | Reached skill level 5 in Axes
  3941 | D:6      | Reached XP level 7. HP: 52/56 MP: 7/7
  4099 | D:6      | Reached skill level 6 in Axes
  4785 | D:7      | Reached skill level 7 in Axes
  4785 | D:7      | Reached XP level 8. HP: 20/64 MP: 8/8
  4989 | D:7      | Reached skill level 1 in Invocations
  5143 | D:7      | Reached * piety under Qazlal
  5499 | D:7      | Reached skill level 8 in Axes
  5719 | D:7      | Noticed Menkaure
  5726 | D:7      | Killed Menkaure
  5966 | D:7      | Reached XP level 9. HP: 20/72 MP: 12/12
  6260 | D:8      | Noticed a komodo dragon
  6272 | D:8      | Killed a komodo dragon
  6272 | D:8      | Reached skill level 5 in Invocations
  6320 | D:8      | Found a snail-covered altar of Cheibriados.
  6431 | D:8      | Found a staircase to the Lair.
  6464 | D:8      | Reached skill level 9 in Axes
  6710 | D:8      | Found an ancient bone altar of Kikubaaqudgha.
  6723 | D:8      | Reached ** piety under Qazlal
  7117 | Lair:1   | Entered Level 1 of the Lair of Beasts
  7200 | Lair:1   | Noticed a spiny frog
  7207 | Lair:1   | Killed a spiny frog
  7342 | Lair:1   | Noticed a spiny frog
  7343 | Lair:1   | Killed a spiny frog
  7351 | Lair:1   | Reached skill level 10 in Axes
  7463 | Lair:1   | Noticed a four-headed hydra
  7473 | Lair:1   | Killed a four-headed hydra
  7473 | Lair:1   | Gained mutation: You are immune to rotting. [demonic ancestry]
  7473 | Lair:1   | Reached XP level 10. HP: 50/82 MP: 11/15
  7605 | Lair:1   | Noticed a spiny frog
  7611 | Lair:1   | Killed a spiny frog
  7677 | Lair:1   | Reached skill level 1 in Bows
  7702 | Lair:1   | Slain by a blink frog

Vault maps used:
D:1:      lightli_iron_boxes
D:2:      forest_paths, elyvilon_altar_4, lemuel_crystal_altar
D:3:      gammafunk_temple_overflow_statue, serial_glass, glass_columns_a,
          glass_columns_c, first_bread
D:4:      mumra_celtic_spiral_tile, gammafunk_temple_overflow_pools,
          lemuel_temple_firewalk_marked, johnstein_pakellas_dig
D:7:      uniq_menkaure
D:8:      nicolae_overflow_crystal_walls, cheibriados_altar_1,
          david_lair_shrubbed
Temple:   triangle_lava_temple_11
Lair:1:   grunt_megastairs_3

Action                   |  1- 3 |  4- 6 |  7- 9 | 10-12 || total
-------------------------+-------+-------+-------+-------++-------
Melee: War axe           |   167 |   190 |   122 |       ||   479
       Battleaxe         |       |       |   157 |    50 ||   207
 Fire: Shortbow          |       |       |    85 |    16 ||   101
Throw: Tomahawk          |     9 |     9 |    43 |     6 ||    67
       Javelin           |       |       |     6 |       ||     6
Invok: Upheaval          |       |       |     4 |       ||     4
Evoke: Rod               |       |    11 |       |       ||    11
       Wand              |       |       |     6 |       ||     6
  Use: Scroll            |       |    13 |     2 |     2 ||    17
       Potion            |       |       |     3 |     2 ||     5
  Eat: Chunk             |     2 |     7 |    13 |       ||    22
       Beef jerky        |       |     1 |       |       ||     1
       Royal jelly       |       |       |     1 |       ||     1
